 Dungeon Crawl Stone Soup version 0.29.0-5-ge4962eb29e (webtiles) character file.

Game seed: 10583470740808849927

91 Anothat the Trooper (level 4, 0/37 HPs)
             Began as a Demonspawn Fighter on Aug 28, 2022.
             Slain by a gnoll
             ... wielding a +0 spear
              (5 damage)
             ... on level 3 of the Dungeon.
             The game lasted 00:05:30 (2068 turns).

Anothat the Trooper (Demonspawn Fighter)            Turns: 2068, Time: 00:05:30

Health: 0/37       AC: 12    Str: 16 (19) XL:     4   Next: 33%
Magic:  4/4        EV:  4    Int:  6 (9)  God:
Gold:   69         SH:  8    Dex: 11 (12) Spells: 3/3 levels left

rFire   . . .      SeeInvis .   a - +1 war axe
rCold   . . .      Faith    .   c - +0 buckler
rNeg    . . .      Spirit   .   e - +0 plate armour
rPois   .          Reflect  .   (no helmet)
rElec   .          Harm     .   k - +0 cloak
rCorr   .          Rampage  .   (no gloves)
Will    .....                   (no boots)
Stlth   ..........              (no amulet)
HPRegen 0.12/turn               (no ring)
MPRegen 0.09/turn               (no ring)

@: mighty, flying
A: claws 1, large bone plates 1
a: no special abilities


You were on level 3 of the Dungeon.
You visited 1 branch of the dungeon, and saw 3 of its levels.

You collected 69 gold pieces.

Inventory:

Hand Weapons
 a - a +1 war axe (weapon)
Missiles
 i - 6 javelins (quivered)
Armour
 b - a +0 scale mail
 c - a +0 buckler (worn)
 e - a +0 plate armour (worn)
 k - a +0 cloak (worn)
Scrolls
 j - 2 scrolls of blinking


   Skills:
 + Level 3.6 Fighting
 + Level 2.5 Axes
 + Level 3.3 Armour
 + Level 3.2 Shields


You had 3 spell levels left.
You didn't know any spells.
Your spell library was empty.

Dungeon Overview and Level Annotations

Branches:
Dungeon (3/15)

Altars:

Shops:
D:3 ((


Innate Abilities, Weirdness & Mutations

You have sharp fingernails.
You are partially covered in large bone plates. (SH +4)


Message History

A gnoll opens the door.
You block the frilled lizard's attack.
You hit the frilled lizard.
You kill the frilled lizard!
The gnoll hits you with a +0 club.
You closely miss the gnoll. You block the gnoll's attack.
The gnoll hits you from afar with a +0 spear.
The gnoll hits you with a +0 club.
You hit the gnoll but do no damage. The gnoll hits you but does no damage.
The gnoll hits you with a +0 club.
You hit the gnoll.
The gnoll is moderately wounded.
The gnoll hits you from afar with a +0 spear.
The gnoll hits you with a +0 club.
You are too injured to fight recklessly!
The gnoll hits you with a +0 spear.
There is an open door, spattered with blood here.
You feel very mighty all of a sudden. You block the gnoll's attack.
The gnoll hits you with a +0 club.
You slash the gnoll!
You kill the gnoll!
You barely miss the gnoll. The gnoll hits you but does no damage.
The gnoll hits you with a +0 club.
* * * LOW HITPOINT WARNING * * *
The gnoll barely misses you. You block the gnoll's attack.
It was a potion of degeneration.
There was something very wrong with that liquid.
You feel weakened.
You feel dopey.
You feel clumsy. The gnoll hits you but does no damage.
The gnoll barely misses you.
It was a potion of magic.
Magic courses through your body. The gnoll hits you but does no damage.
The gnoll hits you from afar with a +0 spear.
* * * LOW HITPOINT WARNING * * *
It was a potion of flight.
You feel very buoyant.
You fly up into the air.
You block the gnoll's attack. x2
You slice the gnoll!!
You kill the gnoll!
The gnoll hits you but does no damage. The gnoll hits you with a +0 spear.
You die...

....###........#
...........[...#
...............#
..............#
#.#..........#
#..........+
#.(........#
#...###+#+##
+...'@..# #
#..)##g.#.##.#
#..#'#....8.∩.<.
#.##.##.....##.#
+.###.###.####
#.+..∩..'.. #
###.###.#.
###.##..#..
#.#+# ..# #.


You could see a gnoll.

Vanquished Creatures
  2 adders (D:2)
  3 gnolls
  A dart slug (D:1)
  5 ball pythons
  4 endoplasms
  3 giant cockroaches
  A goblin (D:2)
  3 hobgoblins (D:1)
  6 jackals (D:1)
  5 kobolds
  A quokka (D:1)
  A bat (D:3)
  3 frilled lizards
  A rat (D:3)
39 creatures vanquished.

Notes
Turn   | Place    | Note
-------+----------+-------------------------------------------
     0 | D:1      | Anothat the Demonspawn Fighter began the quest for the Orb.
     0 | D:1      | Reached XP level 1. HP: 18/18 MP: 1/1
   203 | D:1      | Gained mutation: You are partially covered in large bone
                  | plates. (SH +4) [demonic ancestry]
   203 | D:1      | Reached XP level 2. HP: 22/24 MP: 2/2
   925 | D:1      | Reached XP level 3. HP: 29/29 MP: 3/3
  1762 | D:2      | Gained mutation: You have sharp fingernails. [demonic
                  | ancestry]
  1762 | D:2      | Reached XP level 4. HP: 23/35 MP: 4/4
  2047 | D:3      | Found Anlayf's Antique Weapon Emporium.
  2050 | D:3      | Found Efyod's Antique Weapon Boutique.
  2068 | D:3      | Slain by a gnoll

Illustrated notes

Levels and vault maps discovered:
D:1:      erik_arrival_triangle_small, layout_loops_corners, serial_park_tiny_2
D:2:      layout_loops_ring, basic_altar
D:3:      layout_basic, serial_shops, shop_statue, shop,
          nicolae_shop_hallway_plus, shop_statue

Skill      XL: |  1  2 |
---------------+-------+-----
Axes           | 2 |  2.5
Shields        | 3 |  3.2
Armour         | 3 |  3.3
Fighting       | |  3.6

Action                   |  1- 3 |  4- 6 || total
-------------------------+-------+-------++-------
Melee: War axe           |   124 |    14 ||   138
  Use: Scroll            |       |     4 ||     4
       Potion            |       |     4 ||     4
Armor: Scale mail        |    10 |       ||    10
       Plate armour      |    68 |    21 ||    89
Dodge: Dodged            |    36 |     8 ||    44
Block: Buckler           |    69 |    22 ||    91
